 Dungeon Crawl Stone Soup version 0.32-a0-128-g77eb882913 (webtiles) character file.

Game seed: 6764071937753288529

24 Esekla the Sneak (level 3, 26/26 HPs)
             Began as an Octopode Delver on Feb 8, 2024.
             Quit the game on level 5 of the Dungeon.
             The game lasted 00:02:42 (202 turns).

Esekla the Sneak (Octopode Delver)                   Turns: 202, Time: 00:02:42

Health: 26/26      AC:  1    Str: 11    XL:     3   Next: 2%
Magic:  3/3        EV: 13    Int: 14    God:
Gold:   0          SH:  0    Dex: 13    Spells: 2/2 levels left

rFire   . . .        a - +0 falchion
rCold   . . .        (no shield)
rNeg    . . .        (helmet restricted)
rPois   .            (no amulet)
rElec   .            (no ring)
rCorr   .            (no ring)
SInv    .            (no ring)
Will    .....        (no ring)
Stlth   +++++        (no ring)
HPRegen 0.24/turn    (no ring)
MPRegen 0.08/turn    (no ring)
                     (no ring)

%: no passive effects
@: no status effects
A: almost no armour, amphibious, 8 rings, camouflage 1, gelatinous body 1,
nimble swimmer 1, tentacles
a: no special abilities


You were on level 5 of the Dungeon.
You visited 1 branch of the dungeon, and saw 1 of its levels.

Inventory:

Hand Weapons
 a - a +0 falchion (weapon)
 h - a +0 dagger
Wands
 f - a wand of digging (3)
Scrolls
 b - a scroll of fog
 c - a scroll of identify {unknown}
 d - a scroll of fear
 i - a scroll of revelation
Potions
 e - a potion of haste
 g - a potion of attraction {unknown}


   Skills:
 * Level 3.1 Fighting
 + Level 2.1 Long Blades
 * Level 2.2 Dodging
 + Level 7.2 Stealth
 * Level 0.4 Spellcasting


You had 2 spell levels left.
You didn't know any spells.
Your spell library was empty.

Dungeon Overview and Level Annotations

Branches:
Dungeon (5/15)
 Temple: D:4-7

Altars:
Elyvilon
Yredelemnul

Shops:
D:5 =


Innate Abilities, Weirdness & Mutations

You cannot wear most types of armour.
You are amphibious.
You can wear up to eight rings at the same time.
Your skin changes colour to match your surroundings (Stealth+).
Your rubbery body absorbs attacks. (AC +1, EV +1)
You are camouflaged when in or above water. (Stealth+)
You have tentacles for arms and can constrict up to eight enemies at once.


Message History

You constrict the ufetubus. The ufetubus misses you. The ufetubus hits you. x2
The ufetubus completely misses you. The ufetubus barely misses you. x2
The ufetubus closely misses you. The ufetubus misses you.
You hit the ufetubus but do no damage. You constrict the ufetubus. x2
The ufetubus hits you. x2; The ufetubus barely misses you.
The ufetubus closely misses you. x2; The ufetubus barely misses you.
The ufetubus misses you. The ufetubus hits you.
* * * LOW HITPOINT WARNING * * *
You hit the ufetubus but do no damage. You squeeze the ufetubus!
The ufetubus is almost dead.
You constrict the ufetubus.
You kill the ufetubus!
You constrict the ufetubus, but do no damage.
The ufetubus misses you. The ufetubus barely misses you.
You slash the ufetubus!
You kill the ufetubus!
You have reached level 3!
Your experience leads to an increase in your attributes!
Increase (S)trength, (I)ntelligence, or (D)exterity?
You feel clever. x2
You hear the slow hiss of an avalanche of sand nearby.
Found a basalt altar of Yredelemnul.
Found a leather armour and a scroll of revelation.
An ice beast comes into view.
You see here a scroll of revelation.
i - a scroll of revelation
Found an escape hatch in the floor.
You hear the slow hiss of an avalanche of sand very nearby.
Found Keamien's Jewellery Shop.
You enter the deep water.
Found a leather armour.
A scorpion comes into view.
You enter the deep water.
An ice beast comes into view.
You enter the deep water.
There is an entrance to Keamien's Jewellery Shop here.
You enter the deep water.
Found a fizzy ruby potion.
You enter the deep water.
You hear the slow hiss of an avalanche of sand nearby.
You enter the deep water.
Are you sure you want to abandon this character and quit the game? (Confirm with "yes".)

****.≈.≈.≈≈≈≈≈≈.≈..# *
*.≈.≈s≈....≈.≈..#
****.≈.Y.≈.≈≈.≈.≈..#
,,,,.≈.≈.≈.∩≈.≈.≈..#
,***.≈.≈.≈≈≈≈.≈.≈..#############
,***.≈.≈......≈.≈..............#
,,,,.≈.≈≈≈≈≈≈≈≈.≈..###########.#
,*,*.≈..........≈..# #.#
,,,*.≈≈≈≈≈≈≈≈≈≈≈@..# #.##
,,,*...............# #...
,,**##...[.....#...# ####
,,,,,.!......####..#
******######.* ##.# #.* *.# *,*
*.# *,* *.# #.* *.# ##########


There were no monsters in sight!

Vanquished Creatures
  2 ufetubi (D:5)
  A dart slug (D:5)
  5 orcs (D:5)
8 creatures vanquished.

Notes
Turn   | Place    | Note
-------+----------+-------------------------------------------
     0 | D:5      | Esekla the Octopode Delver began the quest for the Orb.
     0 | D:5      | Reached XP level 1. HP: 16/16 MP: 1/1
    29 | D:5      | Noticed a lemure
    31 | D:5      | Found a white marble altar of Elyvilon.
    61 | D:5      | Reached XP level 2. HP: 21/21 MP: 2/2
    63 | D:5      | Reached skill level 7 in Stealth
    93 | D:5      | Reached XP level 3. HP: 5/26 MP: 3/3
   107 | D:5      | Found a basalt altar of Yredelemnul.
   112 | D:5      | Noticed an ice beast
   189 | D:5      | Found Keamien's Jewellery Shop.
   192 | D:5      | Noticed a scorpion
   193 | D:5      | Noticed an ice beast
   202 | D:5      | Quit the game

Illustrated notes

Levels and vault maps discovered:
D:5:      layout_loops_ring, mainiacjoe_overflow_cross_hatched,
          old_standard_altar, enter_ossuary_4, nicolae_inconvenience_store,
          serial_library_hellmonk_open_cross, uniq_pikel

Skill      XL: |  1  2 |
---------------+-------+-----
Stealth        | 7 |  7.2
Fighting       | |  3.1
Long Blades    | |  2.1
Dodging        | |  2.2
Spellcasting   | |  0.4

Action                     || total
---------------------------++-------
  Melee: Falchion          ||    20
         Constrict         ||     6
         Tentacles         ||     3
         Punch             ||     1
    Use: Scroll            ||     1
 Armour: Skin              ||    11
  Dodge: Dodged            ||    23

Table legend: (Time is in decaauts)
 A = Elapsed time spent in this place.
 B = Non-inter-level travel time spent in this place.
 C = Inter-level travel time spent in this place.
 D = Time resting spent in this place.
 E = Time spent auto-exploring this place.
 F = Levels seen in this place.
 G = Mean time per level.
                   A        B        C        D        E       F      G
               +--------+--------+--------+--------+--------+-----+--------+
         Total |    205 |    205 |      0 |      0 |      0 |   1 |  205.0 |
       Dungeon |    205 |    205 |      0 |      0 |      0 |   1 |  205.0 |
               +--------+--------+--------+--------+--------+-----+--------+

Top non-repeatable levels by time:
     D:5: 205 daAuts
